 Dungeon Crawl Stone Soup version 0.29-a0-1065-g47a6bb87d6 (webtiles) character file.

Game seed: 1502136652231004533

77 fingers the Sneak (level 4, -1/27 HPs)
             Began as a Kobold Brigand on Aug 18, 2022.
             Was a Follower of the Shining One.
             Slain by Natasha (5 damage)
             ... on level 2 of the Dungeon.
             The game lasted 00:05:38 (1420 turns).

fingers the Sneak (Kobold Brigand)                  Turns: 1420, Time: 00:05:39

Health: -1/27      AC:  8    Str:  8    XL:     4   Next: 58%
Magic:  2/4        EV: 14    Int: 12    God:    the Shining One [*.....]
Gold:   106        SH:  6    Dex: 18    Spells: 3/3 levels left

rFire   . . .      SeeInvis .   o - +0 rapier
rCold   . . .      Faith    .   (no shield)
rNeg    . . .      Spirit   .   k - +0 leather armour
rPois   .          Reflect  .   (no helmet)
rElec   .          Harm     .   c - +0 cloak
rCorr   .          Rampage  .   (no gloves)
Will    .....                   (no boots)
Stlth   ++........              (no amulet)
HPRegen 0.09/turn               h - +4 ring of protection
MPRegen 0.09/turn               (no ring)

@: divinely shielded, slowed, glowing, very slow
A: small, no large weapons, nightstalker 3
a: Renounce Religion, Divine Shield


You were on level 2 of the Dungeon.
You worshipped the Shining One.
The Shining One was aware of your devotion.
You visited 1 branch of the dungeon, and saw 2 of its levels.

You collected 106 gold pieces.

Inventory:

Hand Weapons
 o - a +0 rapier (weapon)
Missiles
 d - 14 poisoned darts
 e - 3 curare-tipped darts
 j - 3 boomerangs
Armour
 b - a +0 robe
 c - a +0 cloak (worn)
 k - a +0 leather armour (worn)
Jewellery
 h - a +4 ring of protection (left hand)
Scrolls
 f - a scroll of enchant weapon {unknown}
 i - 2 scrolls of teleportation {unknown}
 l - a scroll of poison {unknown}
 m - a scroll of torment {unknown}
 n - a scroll of acquirement {unknown}
 p - a scroll of amnesia {unknown}
 q - a scroll of immolation {unknown}
 r - a scroll of noise {unknown}
Potions
 a - 3 potions of curing {unknown}
 g - a potion of degeneration {unknown}


   Skills:
 * Level 2.9 Fighting
 * Level 3.5 Short Blades
 * Level 2.9 Throwing
 * Level 2.3 Dodging
 * Level 5.9 Stealth


You had 3 spell levels left.
You didn't know any spells.
Your spell library contained the following spells:

 Spells                   Type           Power      Damage    Failure   Level
 Gell's Gravitas          Tloc           0%         N/A       82%         3
 Teleport Other           Tloc           0%         N/A       82%         3
 Dispersal                Tloc           0%         N/A       100%        6


Dungeon Overview and Level Annotations

Branches:
Dungeon (2/15)

Altars:
The Shining One

Annotations:
D:2 Natasha


Innate Abilities, Weirdness & Mutations

You are small and have problems with some larger weapons.
You are completely attuned to the shadows.


Message History

You puncture the jackal!
You kill the jackal!
The jackal closely misses you.
You closely miss the jackal. The jackal completely misses you.
You miss the jackal.
The jackal bites you but does no damage.
You hit the jackal.
You kill the jackal!
d - 13 poisoned darts (gained 1)
d - 14 poisoned darts (gained 1)
r - a scroll labelled BIXTUD GESOZER Magic restored.
Your divine shield fades away.
Natasha, Servant of Life and Death comes into view.
Natasha stares at you and mumbles some strange words.
You feel yourself slow down.
Natasha drinks a potion.
Natasha flickers and vanishes!
Deactivating autopickup; reactivate with Ctrl-A.
Something claws you. Something barely misses you.
A divine shield forms around you! Something claws you but does no damage.
You barely miss something. Something claws you but does no damage.
You hear some strange, mumbled words.
A magic dart appears from out of thin air!
The magic dart hits you.
You closely miss something. Something claws you but does no damage.
You hit something but do no damage. Something barely misses you.
Something claws you!
You hit something but do no damage. Something barely misses you.
You hit something.
You hear some strange, mumbled words.
You feel as though you will be slow longer.
Something claws you.
You hit something. Something claws you.
* * * LOW HITPOINT WARNING * * *
You closely miss something. Something claws you.
* * * LOW HITPOINT WARNING * * *
Something claws you.
* * * LOW HITPOINT WARNING * * *
You hit something. Something claws you.
You die...

#.≈~.##.##.
..≈~........
...........
≈....#...##. #
##≈≈≈....@....
##
##.......≈{....
.#
#.......≈≈.###.
.####
#........≈.#
....#
#.#.....##.#
###.# #......##
.# #.# ####..##
#.######..#
#.........#


There were no monsters in sight!

Vanquished Creatures
  Natasha (D:2)
  2 adders (D:2)
  2 ball pythons (D:1)
  5 endoplasms
  2 giant cockroaches
  2 goblins (D:1)
  2 hobgoblins
  3 jackals (D:2)
  3 quokkas
  2 bats
  2 frilled lizards (D:1)
  A kobold (D:1)
  4 rats
31 creatures vanquished.

Notes
Turn   | Place    | Note
-------+----------+-------------------------------------------
     0 | D:1      | fingers the Kobold Brigand began the quest for the Orb.
     0 | D:1      | Reached XP level 1. HP: 12/12 MP: 1/1
   499 | D:1      | Reached XP level 2. HP: 18/18 MP: 2/2
   844 | D:1      | Reached XP level 3. HP: 22/22 MP: 3/3
  1151 | D:2      | Noticed Natasha
  1155 | D:2      | Killed Natasha
  1156 | D:2      | Reached XP level 4. HP: 27/27 MP: 4/4
  1256 | D:2      | Found a faded altar of an unknown god.
  1289 | D:2      | Prayed at the altar of an unknown god.
  1289 | D:2      | Became a worshipper of the Shining One
  1289 | D:2      | Reached * piety under the Shining One
  1405 | D:2      | Noticed Natasha
  1420 | D:2      | Slain by Natasha

Illustrated notes

Levels and vault maps discovered:
D:1:      minmay_arrival_four_loops, layout_loops_ring,
          nicolae_concentric_dashed_squares_wild, minmay_liquid_box
D:2:      layout_loops_ring, hellmonk_ecumenical_altar_arch_garden,
          serial_rivers, chequers_serial_rivers_room_a,
          chequers_serial_rivers_large_a, chequers_serial_rivers_marsh,
          chequers_serial_rivers_small_b, chequers_serial_rivers_marsh,
          minmay_tromino_mix6, uniq_natasha

Skill      XL: |  1  2  3 |
---------------+----------+-----
Short Blades   | 3 |  3.5
Dodging        | 2 |  2.3
Fighting       | |  2.9
Throwing       | |  2.9
Stealth        | |  5.9

Action                   |  1- 3 |  4- 6 || total
-------------------------+-------+-------++-------
Melee: Dagger            |    36 |       ||    36
       Rapier            |    17 |    21 ||    38
Throw: Dart              |     1 |     3 ||     4
Invok: Divine Shield     |       |     2 ||     2
 Stab: Sleeping          |    12 |       ||    12
Armor: Robe              |     4 |       ||     4
       Leather armour    |    12 |    16 ||    28
Dodge: Dodged            |    33 |    17 ||    50

Table legend: (Time is in decaauts)
 A = Elapsed time spent in this place.
 B = Non-inter-level travel time spent in this place.
 C = Inter-level travel time spent in this place.
 D = Time resting spent in this place.
 E = Time spent auto-exploring this place.
 F = Levels seen in this place.
 G = Mean time per level.
                   A        B        C        D        E       F      G
               +--------+--------+--------+--------+--------+-----+--------+
         Total |   1418 |   1393 |     25 |    212 |    501 |   2 |  709.0 |
       Dungeon |   1418 |   1393 |     25 |    212 |    501 |   2 |  709.0 |
               +--------+--------+--------+--------+--------+-----+--------+

Top non-repeatable levels by time:
     D:1: 907 daAuts
     D:2: 511 daAuts
